 Dungeon Crawl Stone Soup version 0.31-a0-149-g3fdcc5976a (webtiles) character file.

Game seed: 4840588548413329489

334 qw the Shooter (level 6, -5/52 HPs)
             Began as a Minotaur Hunter on June 7, 2023.
             Slain by a gnoll
             ... wielding a +0 halberd
              (12 damage)
             ... on level 4 of the Dungeon.
             The game lasted 00:00:48 (2723 turns).

qw the Shooter (Minotaur Hunter)                    Turns: 2723, Time: 00:00:48

Health: -5/52      AC:  6    Str: 14 (15) XL:     6   Next: 27%
Magic:  5/5        EV: 11    Int:  6      God:
Gold:   132        SH:  0    Dex: 14 (16) Spells: 5/5 levels left

rFire   . . .        Y - +1 shortbow
rCold   . . .        (shield currently unavailable)
rNeg    . . .        d - +0 ring mail
rPois   .            (helmet restricted)
rElec   .            (no cloak)
rCorr   .            e - +0 pair of gloves
SInv    .            (no boots)
Will    .....        (no amulet)
Stlth   +            (no ring)
HPRegen 0.28/turn    (no ring)
MPRegen 0.09/turn

%: no passive effects
@: no status effects
A: horns 2, retaliatory headbutt, deterioration 1
a: no special abilities


You were on level 4 of the Dungeon.
You visited 1 branch of the dungeon, and saw 4 of its levels.

You collected 132 gold pieces.


Innate Abilities, Weirdness & Mutations

You have a pair of horns on your head.
You reflexively headbutt those who attack you in melee.
Your body sometimes deteriorates upon taking damage.


   Skills:
 - Level 4.0 Fighting
 + Level 7.7 Ranged Weapons
 - Level 1.0 Armour
 - Level 2.1 Dodging
 - Level 0.7 Stealth


You had 5 spell levels left.
You didn't know any spells.
Your spell library was empty.

Inventory:

Hand Weapons
 Y - a +1 shortbow (weapon)
Armour
 d - a +0 ring mail (worn)
 e - a +0 pair of gloves (worn)
Scrolls
 a - 2 scrolls of identify
Potions
 b - a potion of mutation
 c - a potion of attraction {unknown}
 g - a potion of curing {unknown}
 h - a potion of might {unknown}
 i - a potion of cancellation {unknown}
 k - a potion of brilliance {unknown}
 l - a potion of invisibility {unknown}
 m - a potion of berserk rage {unknown}
 n - a potion of ambrosia {unknown}
 o - a potion of haste {unknown}

Dungeon Overview and Level Annotations

Branches:
Dungeon (4/15)
 Temple: D:4-7

Altars:
Zin


Message History

The gnoll barely misses you.
You shoot an arrow. The arrow hits the gnoll.
The gnoll is moderately wounded.
The gnoll closely misses you. The gnoll barely misses you.
You shoot an arrow. The arrow closely misses the gnoll.
The gnoll hits you from afar with a +0 spear.
The gnoll barely misses you. x2
The gnoll hits you from afar with a +0 halberd!
You shoot an arrow. The arrow hits the gnoll.
The gnoll is severely wounded.
The gnoll hits you but does no damage.
The gnoll hits you from afar with a +0 halberd!
Your body deteriorates!
You feel clumsy.
You shoot an arrow. The arrow closely misses the gnoll.
The gnoll barely misses you. The gnoll closely misses you.
You shoot an arrow.
The arrow hits the gnoll but does no damage.
The gnoll is severely wounded.
The gnoll hits you from afar with a +0 spear.
The gnoll barely misses you.
You shoot an arrow. The arrow barely misses the gnoll.
The gnoll misses you. The gnoll barely misses you.
You shoot an arrow. The arrow hits the gnoll.
You kill the gnoll!
The gnoll hits you from afar with a +0 halberd.
Your body deteriorates!
You feel clumsy.
You shoot an arrow.
The arrow hits the gnoll but does no damage.
The gnoll hits you but does no damage.
You shoot an arrow. The arrow closely misses the gnoll.
The arrow hits the gnoll.
The gnoll is lightly wounded.
The gnoll barely misses you.
You shoot an arrow. The arrow hits the gnoll!
The gnoll is severely wounded.
The gnoll barely misses you. The gnoll misses you.
You shoot an arrow. The arrow hits the gnoll.
You kill the gnoll!
The gnoll hits you from afar with a +0 halberd!
You die...

#........# .........#
#.(..(# ......####
#..<..# ......# #.....#
......# #.....# #######
#.....# #..g..# #..).)#
# #@# # #.# ##### ##.#
....## #..###.##
#..8.##########.#.......
##................##.##.
.#..8...###########
_'.....>.........
.#..8..##########


You could see a gnoll.

Vanquished Creatures
  Grinder (D:4)
  Jessica (D:2)
  2 gnolls (D:4)
  5 adders
  A worm (D:2)
  2 dart slugs
  An orc (D:4)
  5 endoplasms
  3 giant cockroaches
  3 goblins
  3 hobgoblins
  4 quokkas
  7 ball pythons
  4 bats
  8 frilled lizards
  4 rats
54 creatures vanquished.

Notes
Turn   | Place    | Note
-------+----------+-------------------------------------------
     0 | D:1      | qw the Minotaur Hunter began the quest for the Orb.
     0 | D:1      | Reached XP level 1. HP: 18/18 MP: 0/0
     0 | D:1      | 0 ||| qw: Version: 0.2-a-117-gc6b5c8b
     0 | D:1      | 0 ||| qw: Game counter: 2617
     0 | D:1      | 0 ||| qw: Always use a shield: true
     0 | D:1      | 0 ||| qw: God list: Okawaru
     0 | D:1      | 0 ||| qw: Allow faded altars: false
     0 | D:1      | 0 ||| qw: Do Orc after D:15 true
     0 | D:1      | 0 ||| qw: Do second Lair branch before Depths: true
     0 | D:1      | 0 ||| qw: Lair rune preference: random
     0 | D:1      | 0 ||| qw: Plans: Normal
     0 | D:1      | 0 ||| PLANNING D:1-11
   232 | D:1      | Reached XP level 2. HP: 25/25 MP: 1/1
   235 | D:1      | Reached skill level 5 in Ranged Weapons
   648 | D:1      | Reached skill level 3 in Fighting
   790 | D:1      | 790 ||| UPGRADING to +0 pair of gloves.
   795 | D:1      | 795 ||| DROPPING scarf of shadows.
   796 | D:1      | 796 ||| READING 2 scrolls labelled BAEBEKIYPU.
   797 | D:1      | 797 ||| READING scroll labelled GUOREC LEOS.
   798 | D:1      | 798 ||| READING scroll labelled ZECONW BOZO.
   799 | D:1      | 799 ||| READING scroll labelled SUOMEQ PUXT.
   800 | D:1      | 800 ||| READING scroll labelled KYFABA ENORIM.
   801 | D:1      | 801 ||| READING scroll labelled UDDEYQEUNOBB.
   802 | D:1      | 802 ||| DRINKING 2 orange potions.
   802 | D:1      | Gained mutation: You are frail. (-10% HP) [potion of
                  | mutation]
   802 | D:1      | Gained mutation: Your mind is acute. (Int +4, Str/Dex -1)
                  | [potion of mutation]
   803 | D:1      | 803 ||| DRINKING potion of mutation.
   803 | D:1      | Lost mutation: You are frail. (-10% HP) [potion of
                  | mutation]
   803 | D:1      | Lost mutation: Your mind is acute. (Int +4, Str/Dex -1)
                  | [potion of mutation]
   803 | D:1      | Gained mutation: Your body sometimes deteriorates upon
                  | taking damage. [potion of mutation]
   814 | D:1      | 814 ||| DROPPING scroll of butterflies.
  1021 | D:2      | Reached XP level 3. HP: 31/31 MP: 2/2
  1244 | D:2      | Noticed Jessica
  1247 | D:2      | 1247 ||| Stepping ~*~*~tactically~*~*~ (outnumbered).
  1248 | D:2      | 1248 ||| Stepping ~*~*~tactically~*~*~ (outnumbered).
  1253 | D:2      | Killed Jessica
  1254 | D:2      | Reached skill level 6 in Ranged Weapons
  1254 | D:2      | Reached XP level 4. HP: 17/38 MP: 3/3
  1258 | D:2      | Reached skill level 1 in Armour
  1600 | D:2      | 1600 ||| UPGRADING to +0 ring mail.
  1610 | D:2      | 1610 ||| DROPPING +0 leather armour.
  1611 | D:2      | 1611 ||| READING scroll labelled UCRIFU DIABU.
  1612 | D:2      | 1612 ||| READING 2 scrolls labelled VOYSOE YFETZ.
  1613 | D:2      | 1613 ||| READING 2 scrolls of identify.
  1613 | D:2      | 1613 ||| IDENTIFYING amethyst potion
  1614 | D:2      | 1614 ||| DROPPING scroll of blinking.
  2342 | D:3      | 2342 ||| DROPPING scarf of harm.
  2343 | D:3      | 2343 ||| READING scroll labelled REYTYM ZIROGOI.
  2346 | D:3      | 2346 ||| READING scroll labelled XEEXAASOWN.
  2364 | D:4      | 2364 ||| PLANNING SEWER
  2418 | D:4      | Noticed Grinder
  2434 | D:4      | HP: 4/40 [Grinder/nerve-wracking pain (10)]
  2435 | D:4      | 2435 ||| DRINKING potion of heal wounds.
  2436 | D:4      | Killed Grinder
  2437 | D:4      | Reached skill level 7 in Ranged Weapons
  2437 | D:4      | Reached XP level 5. HP: 16/46 MP: 4/4
  2437 | D:4      | Reached XP level 6. HP: 19/52 MP: 5/5
  2683 | D:4      | Found a glowing silver altar of Zin.
  2715 | D:4      | HP: 13/52 [gnoll/+0 halberd (11)]
  2719 | D:4      | HP: 5/52 [gnoll/+0 halberd (6)]
  2723 | D:4      | Slain by a gnoll

Levels and vault maps discovered:
D:1:      erik_arrival_blinker_ship, layout_basic
D:2:      layout_basic, kennysheep_jessica_study
D:3:      layout_basic
D:4:      layout_basic, zin_statuary, gup_sewer_entry_glass,
          hellmonk_ghost_happy_afterlife, uniq_grinder

Skill      XL: |  1  2  3  4 |
---------------+-------------+-----
Ranged Weapons | 5 6 7 |  7.7
Fighting       | 3 4 |  4.0
Armour         | 1 |  1.0
Dodging        | |  2.1
Stealth        | |  0.7

Action                     |  1- 3 |  4- 6 || total
---------------------------+-------+-------++-------
   Fire: Shortbow          |    82 |    63 ||   145
    Use: Scroll            |     6 |     5 ||    11
         Potion            |     2 |     1 ||     3
 Armour: Leather armour    |     4 |       ||     4
         Ring mail         |       |     6 ||     6
  Dodge: Dodged            |    21 |    22 ||    43

Table legend:
 A = Non-vault XP
 B = Vault XP
 C = Vault XP percentage of total XP
 D = Non-vault monster count
 E = Vault monster count
 F = Vault count percentage of total count
                 A         B        C        D         E       F
            +---------+---------+-------+---------+---------+-------
      Total |     172 |     320 |  65.0 |      51 |       3 |   5.6
            +---------+---------+-------+---------+---------+-------
        D:1 |      29 |       0 |   0.0 |      16 |       0 |   0.0
        D:2 |      60 |      39 |  39.4 |      21 |       2 |   8.7
        D:3 |      21 |       0 |   0.0 |       7 |       0 |   0.0
        D:4 |      62 |     281 |  81.9 |       7 |       1 |  12.5
            +---------+---------+-------+---------+---------+-------
